[Event "Titled Tuesday Blitz April 19 Late 2022"]
[White "Kanyamarala, Tarun"]
[Black "Hasangatin, Ramil"]
[WhiteFideId "45004714"]
[BlackFideId "4122160"]
[WhiteElo "2532"]
[BlackElo "2679"]
[Result "0-1"]
[Round "06"]
[TimeControl "180+1"]
[Date "2022.04.19"]
[WhiteClock "0:00:05"]
[BlackClock "0:00:10"]

1. d4 Nf6 2. Nc3 d5 3. Bf4 c5 4. e4 e6 5. Nb5 Na6 6. exd5 Nxd5 7. Bg3 Be7 8. Nf3 O-O 9. c3 cxd4 10. Nbxd4 Nc5 11. Be2 Qb6 12. Qc2 Bd7 13. Ne5 Rad8 14. Nc4 Qa6 15. b4 Ba4 16. Qb2 b5 17. Nd2 Nd7 18. O-O N7f6 19. Rac1 Qb6 20. a3 a6 21. Bh4 h6 22. N2f3 Nf4 23. Ne5 Nxe2+ 24. Qxe2 Rc8 25. Qf3 Nd5 26. Bxe7 Nxe7 27. Nd7 Qc7 28. Nxf8 Rxf8 29. Rfe1 Nd5 30. Qg3 Qc4 31. Nf3 Rc8 32. Ne5 Qc7 33. h3 Bb3 34. Kh2 Nf6 35. Nf3 Qb7 36. Nd4 Bd5 37. f3 Qb6 38. Qe5 a5 39. Kh1 a4 40. Qe3 Qa6 41. Qe2 Bc4 42. Qf2 Qb7 43. Rcd1 Nd5 44. Rc1 Nf4 45. Re3 Nd3 46. Rxd3 Bxd3 47. Qe3 Bg6 48. Kh2 Rc4 49. f4 Qc7 50. Qe5 Qc8 51. Qe3 h5 52. g3 Qc7 53. Nf3 Bf5 54. Ne5 Re4 55. Qf2 Qd6 56. Rc2 Qd5 57. Rd2 Qb3 58. Rd8+ Kh7 59. Rd2 Qxa3 60. Nxf7 Qxc3 61. Ng5+ Kg6 62. Nxe4 Bxe4 63. Re2 Bf5 64. Qg2 Qc7 65. Rf2 Kh7 66. g4 Bg6 67. Qg3 a3 68. f5 Qxg3+ 69. Kxg3 exf5 70. gxf5 Bf7 71. Rf1 Bc4 72. Ra1 a2 73. h4 Kg8 74. Kf4 Kf7 75. Ke5 Ke7 76. Rg1 Kf7 77. Ra1 Ke7 78. Rc1 Kf7 79. Re1 Ke7 80. Kf4+ Kf6 81. Ra1 Ke7 82. Rg1 Kf7 83. Ra1 Kf6 84. Rd1 Kf7 85. Kg5 Ke7 86. Rc1 Bd3 87. Ra1 Bb1 88. Kxh5 Kf6 89. Kg4 Bxf5+ 90. Kf4 Bb1 91. Kg4 Kg6 92. Kg3 Kh5 93. Kh3 g5 94. hxg5 Kxg5 95. Kg3 Kf5 96. Kf3 Ke5 97. Ke3 Kd5 98. Kd2 Kc4 99. Kc1 Kxb4 100. Kb2 Kc4 101. Rxa2 Bxa2 102. Kxa2 Kc3 0-1


[Site "https://www.chess.com"]

[Event "Titled Tuesday Blitz April 19 Late 2022"]
[White "Karttunen, Mika"]
[Black "Wachinger, Guenther"]
[WhiteFideId "502081"]
[BlackFideId "4604261"]
[WhiteElo "2343"]
[BlackElo "2212"]
[Result "0-1"]
[Round "06"]
[TimeControl "180+1"]
[Date "2022.04.19"]
[WhiteClock "0:00:08"]
[BlackClock "0:00:45"]

1. c4 e6 2. Nc3 d5 3. e3 Nf6 4. Nf3 Be7 5. b3 O-O 6. Bb2 c5 7. cxd5 exd5 8. d4 b6 9. Bd3 Nc6 10. O-O cxd4 11. Nxd4 Nxd4 12. exd4 Be6 13. h3 Bd6 14. Qf3 a6 15. Ne2 Bc7 16. Ba3 Re8 17. Ng3 Bd6 18. Bxd6 Qxd6 19. Rfe1 Bd7 20. Rxe8+ Rxe8 21. Bxa6 b5 22. Bxb5 Bxb5 23. Nf5 Qe6 24. a4 Be2 25. Qf4 Nh5 26. Qg5 Qf6 27. Qxf6 Nxf6 28. b4 Ra8 29. Nd6 Ne4 30. Nb7 Rb8 31. Rc1 Bc4 32. f3 Rxb7 33. fxe4 Rxb4 34. exd5 Kf8 35. a5 Bxd5 36. Rc5 Rxd4 37. a6 Be4 38. Ra5 f5 39. a7 Rd8 40. Kf2 Ke7 41. g4 g6 42. g5 Ra8 43. Ke3 Kd6 44. Kd4 Kc6 45. h4 Kb6 0-1


[Site "https://www.chess.com"]

[Event "Titled Tuesday Blitz April 19 Late 2022"]
[White "Keymer, Vincent"]
[Black "Kamsky, Gata"]
[WhiteFideId "12940690"]
[BlackFideId "2000024"]
[WhiteElo "2557"]
[BlackElo "2645"]
[Result "0-1"]
[Round "06"]
[TimeControl "180+1"]
[Date "2022.04.19"]
[WhiteClock "0:00:07"]
[BlackClock "0:00:23"]

1. d4 d5 2. c4 c6 3. Nf3 Nf6 4. e3 Bg4 5. h3 Bxf3 6. Qxf3 e6 7. a3 Nbd7 8. Nc3 g6 9. Bd3 Bg7 10. O-O O-O 11. Rd1 a5 12. b3 a4 13. b4 dxc4 14. Bxc4 e5 15. Bb2 exd4 16. Rxd4 Ne5 17. Qe2 Qe7 18. Ba2 b5 19. Rad1 Rad8 20. R1d2 Rfe8 21. Qd1 Rxd4 22. Rxd4 Ned7 23. Ne4 Nb6 24. Nd6 Rf8 25. Nxf7 Nfd5 26. Rd2 Bxb2 27. Rxb2 Rxf7 28. e4 Qxe4 29. Re2 Qf4 30. Qa1 Qf6 31. Qe1 Kg7 32. Re6 Qc3 33. Qxc3+ Nxc3 34. Rxc6 Nxa2 35. Rxb6 Rf5 36. g4 Rd5 37. Rb7+ Kg8 38. Rb8+ Kf7 39. Rb7+ Ke6 40. Rxh7 Rd3 41. Rb7 Rxa3 42. Rxb5 Rb3 43. Rb6+ Ke5 44. b5 Nc3 45. Rxg6 Rxb5 46. Ra6 Rb3 47. Kg2 a3 48. h4 a2 49. Ra5+ Kf4 50. h5 Rb1 51. Rf5+ Kxg4 52. Ra5 a1=Q 53. Rxa1 Rxa1 54. f3+ Kxh5 55. Kf2 Kg5 56. Ke3 Ra4 57. Kd3 Nd5 0-1


[Site "https://www.chess.com"]

[Event "Titled Tuesday Blitz April 19 Late 2022"]
[White "Koelle, Tobias"]
[Black "Dauner, Benedikt"]
[WhiteFideId "16207378"]
[BlackFideId "16225899"]
[WhiteElo "2647"]
[BlackElo "2492"]
[Result "0-1"]
[Round "06"]
[TimeControl "180+1"]
[Date "2022.04.19"]
[WhiteClock "0:00:18"]
[BlackClock "0:00:15"]

1. Nf3 g6 2. d4 Bg7 3. c4 d6 4. Nc3 e5 5. e4 Nc6 6. d5 Nd4 7. Be3 Bg4 8. Be2 Bxf3 9. Bxf3 c5 10. dxc6 bxc6 11. O-O Ne7 12. b4 O-O 13. a4 a6 14. Rb1 Rb8 15. b5 axb5 16. axb5 cxb5 17. Nxb5 Nec6 18. g3 Qe7 19. Bg2 Rb7 20. Qd3 Rfb8 21. h4 Qd7 22. Rfd1 Nxb5 23. cxb5 Nd4 24. Bxd4 exd4 25. Bf1 Rc7 26. b6 Rc3 27. Qa6 Be5 28. Qa7 Rb7 29. Qa8+ Kg7 30. Rd3 Qc6 31. Qa6 h5 32. Qb5 Qc8 33. Qd5 Qb8 34. Qb5 Rc5 35. Qb2 Rc3 36. Qb4 Rc5 37. Rbb3 Rc6 38. Qd2 Rcxb6 39. Rxb6 Rxb6 40. Kg2 Rb2 41. Qd1 Qb4 42. Qf3 Qe1 43. Rd1 Rxf2+ 44. Qxf2 Qxd1 45. Qf3 Qxf3+ 46. Kxf3 Kf6 47. Bc4 Ke7 48. Bd3 f6 49. Bc4 g5 50. Bd3 Kf7 51. Bc4+ Kg6 52. Kg2 Kg7 53. Kf3 Kf8 54. Kg2 Ke7 55. Kf3 Kf8 56. Kg2 gxh4 57. gxh4 Kg7 58. Kf3 Kh6 59. Kg2 Bf4 60. Kf3 Be3 61. Kg3 Bd2 62. Kf3 Be1 63. Kf4 Bxh4 64. Kf5 Kg7 65. Be2 Bg3 66. Bxh5 d3 67. Bd1 d2 68. Kg4 Be5 69. Kf3 Bc3 70. Ke2 Kg6 71. Kd3 Ba5 72. Bf3 Kg5 73. Ke2 Kf4 74. Bh1 Kg3 75. Kd1 Kf2 76. Kc2 Ke2 77. Bg2 d1=Q+ 78. Kb2 Qd2+ 79. Kb3 Qe3+ 80. Ka2 Bb6 81. Bh1 Qg1 82. e5 Qxh1 83. e6 Qd5+ 84. Ka3 Qxe6 85. Ka4 Bf2 86. Kb5 Be1 87. Kc6 Qc4+ 88. Kd7 Qe4 89. Kd8 f5 90. Kc7 d5 91. Kd7 d4 92. Kc7 d3 93. Kd7 d2 94. Kc7 f4 95. Kc8 d1=Q 96. Kc7 f3 97. Kc8 f2 98. Kc7 Qed3 99. Kc8 f1=Q 100. Kc7 Q3c2+ 101. Kb8 Qdb1+ 102. Ka7 Qca2# 0-1


[Site "https://www.chess.com"]

[Event "Titled Tuesday Blitz April 19 Late 2022"]
[White "Kostiukov, Alexandr"]
[Black "Skliarov, Viktor"]
[WhiteFideId "14108100"]
[BlackFideId "14106736"]
[WhiteElo "2202"]
[BlackElo "2229"]
[Result "1/2-1/2"]
[Round "06"]
[TimeControl "180+1"]
[Date "2022.04.19"]
[WhiteClock "0:00:46"]
[BlackClock "0:00:24"]

1. g3 g6 2. Bg2 Bg7 3. c4 Nf6 4. Nf3 O-O 5. O-O c6 6. d4 d5 7. cxd5 cxd5 8. Nc3 Ne4 9. Bf4 Nxc3 10. bxc3 Nc6 11. Ne5 Nxe5 12. dxe5 Be6 13. Rb1 Rb8 14. Qa4 a6 15. Rfd1 Qc7 16. Qb4 Bxe5 17. Bxe5 Qxe5 18. e3 Rfe8 19. Rd4 b5 20. Rbd1 Rbc8 21. a4 Rc4 22. Rxc4 bxc4 23. Qa5 Rb8 24. Bxd5 Bxd5 25. Rxd5 Rb1+ 26. Kg2 Qe4+ 27. Kh3 Rg1 28. Rd8+ Kg7 29. Qd5 Qxd5 30. Rxd5 Rc1 31. Ra5 Rxc3 32. Rxa6 Ra3 33. a5 c3 34. Rc6 Rxa5 35. Rxc3 Ra2 36. Kg2 e6 37. Rd3 h5 38. h4 Kf6 39. Rd4 Rb2 40. Rd3 Ra2 41. Rc3 Rb2 42. Rd3 Ra2 1/2-1/2


[Site "https://www.chess.com"]

[Event "Titled Tuesday Blitz April 19 Late 2022"]
[White "Koutlas, Nikolaos"]
[Black "Ostrovskiy, Aleksandr"]
[WhiteFideId "25827138"]
[BlackFideId "2034239"]
[WhiteElo "1645"]
[BlackElo "2340"]
[Result "0-1"]
[Round "06"]
[TimeControl "180+1"]
[Date "2022.04.19"]
[WhiteClock "0:00:11"]
[BlackClock "0:00:07"]

1. Nf3 g6 2. c4 Bg7 3. Nc3 e6 4. h4 Ne7 5. h5 d5 6. h6 Bf6 7. d4 c5 8. dxc5 Nbc6 9. e4 O-O 10. cxd5 exd5 11. exd5 Bxc3+ 12. bxc3 Nxd5 13. Bg5 Re8+ 14. Be2 f6 15. Bd2 Qe7 16. Kf1 Be6 17. Nd4 Bf7 18. Nxc6 bxc6 19. c4 Nc7 20. Bc3 Rad8 21. Qc2 Ne6 22. Re1 Nf4 23. Bf3 Qxc5 24. Rxe8+ Rxe8 25. Bxf6 Nd3 26. Kg1 Re1+ 27. Kh2 Qd6+ 28. g3 Rxh1+ 29. Bxh1 Qxf6 30. Qxd3 Qxf2+ 31. Bg2 Qf6 32. Bxc6 Qxc6 33. Qd8+ Qe8 34. Qd4 Qe2+ 35. Kg1 Qe1+ 36. Kh2 Kf8 37. Qh8+ Ke7 38. Qxh7 Qe2+ 39. Kg1 Qe1+ 40. Kh2 Qe2+ 41. Kg1 Qe3+ 42. Kh2 Qd2+ 43. Kg1 Qd4+ 44. Kh2 Qb2+ 45. Kg1 Qf6 46. c5 Kd7 47. Qg7 Qxg7 48. hxg7 Kc6 49. Kf2 Bxa2 50. Ke3 Kxc5 51. Kf4 a5 52. Kg5 a4 53. Kxg6 a3 54. Kh7 Bb3 55. g8=Q Bxg8+ 56. Kxg8 a2 57. g4 a1=Q 58. g5 Qa6 59. g6 Qxg6+ 0-1


[Site "https://www.chess.com"]

[Event "Titled Tuesday Blitz April 19 Late 2022"]
[White "Kovanova, Baira"]
[Black "Janturin, Artur"]
[WhiteFideId "4164083"]
[BlackFideId "4130022"]
[WhiteElo "2190"]
[BlackElo "2383"]
[Result "1-0"]
[Round "06"]
[TimeControl "180+1"]
[Date "2022.04.19"]
[WhiteClock "0:00:09"]
[BlackClock "0:00:02"]

1. e4 a6 2. Nf3 b5 3. d4 Bb7 4. Bd3 Nf6 5. Nbd2 e6 6. O-O c5 7. c3 Be7 8. Qe2 cxd4 9. cxd4 Nc6 10. e5 Nd5 11. Ne4 O-O 12. Bg5 f6 13. exf6 gxf6 14. Bh6 Rf7 15. Nc5 Bxc5 16. dxc5 Kh8 17. Be4 Nce7 18. Rad1 Qc7 19. Qc2 Rc8 20. Rc1 Rg8 21. Rfd1 f5 22. Bxd5 Nxd5 23. Rxd5 Bxd5 24. Qc3+ Rgg7 25. Ng5 Kg8 26. f3 Rg6 27. Nxf7 Kxf7 28. Bd2 Qd8 29. Qe3 Qh4 30. Bc3 Qh3 31. Rc2 Bxf3 32. g3 Be4 33. Rd2 Ke8 34. Qf4 Qg4 35. Qb8+ 1-0


[Site "https://www.chess.com"]

[Event "Titled Tuesday Blitz April 19 Late 2022"]
[White "Kujawski, Adam"]
[Black "Carrasco Miranda, Andres"]
[WhiteFideId "1100920"]
[BlackFideId "3405990"]
[WhiteElo "2053"]
[BlackElo "2177"]
[Result "1-0"]
[Round "06"]
[TimeControl "180+1"]
[Date "2022.04.19"]
[WhiteClock "0:00:43"]
[BlackClock "0:00:20"]

1. e4 c5 2. Nf3 d6 3. d4 cxd4 4. Nxd4 Nf6 5. Nc3 a6 6. Bg5 Nbd7 7. Bc4 Qb6 8. Qd2 Qxb2 9. Rb1 Qa3 10. O-O Qc5 11. Bd5 e6 12. Bxe6 fxe6 13. Nxe6 Qc4 14. Nd5 Nxd5 15. exd5 Ne5 16. f4 Bxe6 17. dxe6 Ng4 18. Rxb7 h6 19. e7 hxg5 20. exf8=Q+ Kxf8 21. Qxd6+ Kg8 22. Rc7 Qe2 23. Qd5+ Kh7 24. Qf5+ Kg8 25. Qf7+ Kh7 26. Qxg7# 1-0


[Site "https://www.chess.com"]

[Event "Titled Tuesday Blitz April 19 Late 2022"]
[White "Ladan, Nicholas"]
[Black "Arnold, Ken"]
[WhiteFideId "30918855"]
[BlackFideId "2056836"]
[WhiteElo "2167"]
[BlackElo "2108"]
[Result "0-1"]
[Round "06"]
[TimeControl "180+1"]
[Date "2022.04.19"]
[WhiteClock "0:01:09"]
[BlackClock "0:01:20"]

1. d4 Nf6 2. Bg5 e6 3. e4 d6 4. Nf3 Be7 5. Nc3 Nbd7 6. Bd3 e5 7. O-O O-O 8. Qd2 c6 9. Rad1 Qc7 10. dxe5 dxe5 11. Nh4 Nc5 12. f4 Nxd3 13. cxd3 Bc5+ 14. Kh1 Ng4 15. fxe5 f6 16. d4 fxg5 17. Qxg5 Qe7 18. Rxf8+ Qxf8 19. Kg1 Bxd4+ 20. Rxd4 Qf2+ 21. Kh1 Qf1# 0-1


[Site "https://www.chess.com"]

[Event "Titled Tuesday Blitz April 19 Late 2022"]
[White "Leitao, Rafael"]
[Black "Bibasa, Bob"]
[WhiteFideId "2101246"]
[BlackFideId "10000240"]
[WhiteElo "2609"]
[BlackElo "2056"]
[Result "1-0"]
[Round "06"]
[TimeControl "180+1"]
[Date "2022.04.19"]
[WhiteClock "0:00:24"]
[BlackClock "0:00:25"]

1. e4 c5 2. Nf3 d6 3. d4 cxd4 4. Nxd4 Nf6 5. Nc3 a6 6. Be2 e5 7. Nb3 Be6 8. Be3 Be7 9. Nd5 Nxd5 10. exd5 Bf5 11. Qd2 Nd7 12. O-O O-O 13. Na5 Qc7 14. c4 Rfc8 15. b4 Bf6 16. Rac1 b6 17. Nc6 Nb8 18. c5 bxc5 19. bxc5 Nxc6 20. dxc6 dxc5 21. Rxc5 Rd8 22. Qa5 Qxa5 23. Rxa5 Rdc8 24. Rc1 Be4 25. Rac5 Be7 26. Rxe5 Ba3 27. Rxe4 Bxc1 28. Bxc1 Rxc6 29. Bf4 Rc2 30. a4 f5 31. Bc4+ Kh8 32. Rd4 h6 33. h4 Kh7 34. h5 Ra7 35. Be6 Rc5 36. Bd6 Ra5 37. f4 g6 38. Be5 Re7 39. Bb3 g5 40. Rd8 Rexe5 41. fxe5 Rxe5 42. Rd7+ Kh8 43. Rd6 Kg7 44. Rg6+ Kf8 45. Rxh6 a5 46. Rg6 Re3 47. h6 1-0


[Site "https://www.chess.com"]

[Event "Titled Tuesday Blitz April 19 Late 2022"]
[White "Leiva, Gianmarco"]
[Black "Ezat, Mohamed"]
[WhiteFideId "3804399"]
[BlackFideId "10600906"]
[WhiteElo "2323"]
[BlackElo "2386"]
[Result "1-0"]
[Round "06"]
[TimeControl "180+1"]
[Date "2022.04.19"]
[WhiteClock "0:00:41"]
[BlackClock "0:00:41"]

1. e4 Nf6 2. e5 Nd5 3. d4 d6 4. c4 Nb6 5. exd6 exd6 6. Bd3 Be7 7. Nc3 O-O 8. Nge2 Bf6 9. Be3 Re8 10. Qd2 Nc6 11. O-O Bg4 12. f3 Bh5 13. b3 Bg6 14. Bxg6 hxg6 15. d5 Ne7 16. Ng3 Nf5 17. Nxf5 gxf5 18. Rae1 Nd7 19. Bd4 Ne5 20. Ne2 c5 21. dxc6 bxc6 22. Bf2 a5 23. Nd4 Qd7 24. a4 Ng6 25. Rxe8+ Rxe8 26. Qxa5 Nf4 27. Qxf5 Ne2+ 28. Kh1 Qb7 29. Re1 Bxd4 30. Bxd4 Qxb3 31. Qg4 g6 32. Qh4 f6 33. Qxf6 Ng3+ 34. hxg3 Rxe1+ 35. Kh2 1-0


[Site "https://www.chess.com"]

[Event "Titled Tuesday Blitz April 19 Late 2022"]
[White "Lewtak, Damian"]
[Black "Kazakouski, Valery"]
[WhiteFideId "1141724"]
[BlackFideId "13507443"]
[WhiteElo "2362"]
[BlackElo "2524"]
[Result "0-1"]
[Round "06"]
[TimeControl "180+1"]
[Date "2022.04.19"]
[WhiteClock "0:00:04"]
[BlackClock "0:00:06"]

1. d4 Nf6 2. c4 e6 3. Nf3 d5 4. Nc3 a6 5. c5 Nc6 6. Bf4 h6 7. e3 g5 8. Be5 Bg7 9. Bd3 g4 10. Bxf6 Bxf6 11. Nd2 e5 12. dxe5 Nxe5 13. Be2 Be6 14. Nb3 Qe7 15. Nxd5 Bxd5 16. Qxd5 O-O 17. Qxb7 a5 18. Qe4 a4 19. Nd4 Qxc5 20. O-O Qb6 21. Nf5 h5 22. Ng3 Rfe8 23. Qf5 Ra5 24. Qc2 Rc5 25. Qxa4 Re6 26. Ne4 Ra5 27. Nxf6+ Rxf6 28. Qe8+ Kg7 29. b4 Qxb4 30. Rab1 Qf8 31. Rb8 Qxe8 32. Rxe8 Ng6 33. Bc4 Ne5 34. Bb3 Nd3 35. Rd8 Nc5 36. Bc4 Ra4 37. Rc1 Ne4 38. Bb3 Ra7 39. Rc2 c5 40. Bd5 Rb6 41. h3 Nf6 42. Bb3 Rc7 43. Ra8 Rd6 44. hxg4 hxg4 45. Kf1 g3 46. fxg3 Rd1+ 47. Ke2 Rg1 48. Kf2 Ra1 49. Ra4 Re7 50. Rf4 Ne4+ 51. Kf3 Rf1+ 52. Ke2 Nxg3+ 53. Kd3 Rd7+ 54. Kc4 Rxf4+ 55. exf4 Rd4+ 56. Kxc5 Rxf4 57. a4 Ne4+ 58. Kc6 Rf6+ 59. Kd5 Nd6 60. a5 Nb7 61. Ra2 Nxa5 62. Bc2 Nc6 63. Be4 Nb4+ 64. Kd4 Nxa2 65. Ke5 Nb4 0-1


[Site "https://www.chess.com"]

[Event "Titled Tuesday Blitz April 19 Late 2022"]
[White "Lin, Dachey"]
[Black "Jacobson, Brandon"]
[WhiteFideId "2029650"]
[BlackFideId "30901561"]
[WhiteElo "2313"]
[BlackElo "2362"]
[Result "1-0"]
[Round "06"]
[TimeControl "180+1"]
[Date "2022.04.19"]
[WhiteClock "0:00:59"]
[BlackClock "0:00:02"]

1. Nc3 d5 2. e4 dxe4 3. Nxe4 Nf6 4. Nxf6+ exf6 5. Bc4 Bd6 6. Nf3 O-O 7. O-O Bg4 8. h3 Bh5 9. d4 c6 10. Qd3 Bc7 11. Nh4 Bg6 12. Nxg6 hxg6 13. Qxg6 Qxd4 14. Bb3 Qe5 15. g3 f5 16. Bf4 Qe7 17. Bh6 Be5 18. Rae1 Qd6 19. Qxf5 Qxh6 20. Rxe5 Na6 21. Re7 Qf6 22. Qxf6 gxf6 23. Rxb7 Nc5 24. Rc7 Rfc8 25. Rxc8+ Rxc8 26. Rd1 a5 27. Rd4 Rb8 28. Rc4 Nd7 29. Rxc6 a4 30. Bxa4 Rxb2 31. Rc8+ Nf8 32. Bb3 Kg7 33. Rc7 Kg6 34. Bxf7+ Kg5 35. Bb3 Ng6 36. Kg2 Kh6 37. f4 Rb1 38. Bg8 Nf8 39. Rf7 Ng6 40. Rh7# 1-0


[Site "https://www.chess.com"]

[Event "Titled Tuesday Blitz April 19 Late 2022"]
[White "Lopez Del Alamo, Antonio"]
[Black "Constantinou, Peter"]
[WhiteFideId "2227339"]
[BlackFideId "413038"]
[WhiteElo "2082"]
[BlackElo "2230"]
[Result "1-0"]
[Round "06"]
[TimeControl "180+1"]
[Date "2022.04.19"]
[WhiteClock "0:00:13"]
[BlackClock "0:00:01"]

1. e4 c5 2. Nf3 e6 3. d3 b6 4. g3 Bb7 5. Bg2 d6 6. O-O Be7 7. c3 Nf6 8. Re1 Qc7 9. a3 Nbd7 10. b4 h6 11. Nbd2 O-O 12. Bb2 b5 13. Nb3 Nb6 14. Na5 Na4 15. Rb1 Nxb2 16. Rxb2 Bc8 17. d4 Rb8 18. e5 dxe5 19. Nxe5 c4 20. a4 a6 21. axb5 axb5 22. Ra2 Bd7 23. Nxd7 Qxd7 24. Nc6 Rbc8 25. Ne5 Qc7 26. Qa1 Bd6 27. Ra7 Qd8 28. Nc6 Qe8 29. Qa6 Kh8 30. d5 e5 31. f4 Nd7 32. Qb7 Nb8 33. fxe5 Nxc6 34. dxc6 Bxe5 35. Raa1 f6 36. Rad1 Rf7 37. Qa6 Rfc7 38. Qxb5 Qf7 39. Bd5 Qh5 40. Qxc4 Qg5 41. b5 Rb8 42. Bg2 h5 43. Rd5 h4 44. Qxh4+ Qxh4 45. gxh4 Bxc3 46. Rb1 Ba5 47. Rd7 Bb6+ 48. Kf1 Kg8 49. Rbd1 Kf8 50. Rd8+ Rxd8 51. Rxd8+ Ke7 52. Rb8 Bc5 53. b6 1-0


[Site "https://www.chess.com"]

[Event "Titled Tuesday Blitz April 19 Late 2022"]
[White "Lopez, Henry"]
[Black "Aroesti, Roee"]
[WhiteFideId "5203830"]
[BlackFideId "2817144"]
[WhiteElo "2177"]
[BlackElo "2068"]
[Result "0-1"]
[Round "06"]
[TimeControl "180+1"]
[Date "2022.04.19"]
[WhiteClock "0:00:03"]
[BlackClock "0:00:04"]

1. d4 Nf6 2. Nf3 c5 3. d5 b5 4. c4 g6 5. Qc2 Na6 6. a3 b4 7. e4 d6 8. h3 Bg7 9. Bd3 O-O 10. O-O Rb8 11. Nbd2 e5 12. Re1 Nh5 13. Nf1 h6 14. g4 Nf4 15. Bxf4 exf4 16. e5 dxe5 17. Nxe5 Qh4 18. Kg2 bxa3 19. bxa3 h5 20. Nf3 Qd8 21. N1h2 hxg4 22. hxg4 Bxa1 23. Rxa1 Qf6 24. Ra2 Kg7 25. g5 Qd6 26. Qc3+ Kh7 27. Ra1 Rh8 28. Re1 Qd7 29. Qf6 Rb6 30. Bxg6+ Kg8 31. Re6 Rxe6 32. dxe6 Qxe6 33. Bxf7+ Qxf7 34. Qd8+ Kg7 35. Qd6 Qe6 36. Qxf4 Qh3+ 37. Kg1 Qf5 38. Qd6 Re8 39. Qh6+ Kg8 40. g6 Re7 41. Ng5 Rg7 42. Nhf3 Qxg6 43. Qh4 Qb1+ 44. Kg2 Bb7 45. Kg3 Bxf3 46. Kxf3 Qf5+ 47. Qf4 Rxg5 48. Qxf5 Rxf5+ 49. Ke4 Rxf2 0-1


[Site "https://www.chess.com"]

[Event "Titled Tuesday Blitz April 19 Late 2022"]
[White "Lopez Idarraga, Daniel Eduardo"]
[Black "Przybylski, Wojciech"]
[WhiteFideId "4405501"]
[BlackFideId "1117599"]
[WhiteElo "2055"]
[BlackElo "2133"]
[Result "0-1"]
[Round "06"]
[TimeControl "180+1"]
[Date "2022.04.19"]
[WhiteClock "0:00:07"]
[BlackClock "0:00:32"]

1. d4 d5 2. Nf3 Nf6 3. e3 c6 4. Bd3 Bg4 5. h3 Bh5 6. O-O Nbd7 7. Nbd2 e6 8. c4 Bd6 9. Qc2 Bg6 10. Re1 O-O 11. e4 dxe4 12. Nxe4 Nxe4 13. Bxe4 Nf6 14. Bxg6 hxg6 15. Bg5 Be7 16. Rad1 Re8 17. Ne5 Nd7 18. Bxe7 Rxe7 19. Qe4 Qa5 20. a3 Qa4 21. Qh4 Rae8 22. Rd3 Qc2 23. Rg3 Qxb2 24. Rd3 Qc2 25. Red1 Qe2 26. Qg3 Qc2 27. h4 Nf6 28. Qg5 Ne4 29. Qf4 Nf6 30. Qg5 Qe2 31. R3d2 Qh5 32. Qf4 Qf5 33. Qg3 Ne4 0-1


[Site "https://www.chess.com"]

[Event "Titled Tuesday Blitz April 19 Late 2022"]
[White "Mangialardo, Tiago Carvalho"]
[Black "Kaganskiy, Gleb"]
[WhiteFideId "2130718"]
[BlackFideId "4132025"]
[WhiteElo "2059"]
[BlackElo "2165"]
[Result "0-1"]
[Round "06"]
[TimeControl "180+1"]
[Date "2022.04.19"]
[WhiteClock "0:00:03"]
[BlackClock "0:01:27"]

1. e4 g6 2. d4 Nf6 3. Nc3 d5 4. exd5 Nxd5 5. Nxd5 Qxd5 6. Nf3 Bg7 7. c3 O-O 8. Be2 c5 9. Be3 cxd4 10. Bxd4 Nc6 11. Bxg7 Qxd1+ 12. Rxd1 Kxg7 13. Bc4 Na5 14. Bd3 Be6 15. b3 f6 16. Ke2 Nc6 17. h4 Bg4 18. Ke3 e5 19. Rd2 Rad8 20. Ne1 Rfe8 21. f3 Be6 22. g4 Ne7 23. Nc2 Nd5+ 24. Kf2 Nxc3 25. Nb4 a5 26. Nc2 e4 27. fxe4 Nxe4+ 28. Ke3 Nxd2 29. Kxd2 Bxg4 0-1


[Site "https://www.chess.com"]

[Event "Titled Tuesday Blitz April 19 Late 2022"]
[White "Marin Masis, Jose Esteban"]
[Black "Kalogridis, Antonios"]
[WhiteFideId "6508146"]
[BlackFideId "25833901"]
[WhiteElo "1710"]
[BlackElo "1596"]
[Result "0-1"]
[Round "06"]
[TimeControl "180+1"]
[Date "2022.04.19"]
[WhiteClock "0:00:04"]
[BlackClock "0:01:31"]

1. e4 a6 2. d4 e6 3. Nf3 d5 4. exd5 exd5 5. Nc3 Nf6 6. Bd3 Bd6 7. O-O O-O 8. Bg5 h6 9. Bh4 Bg4 10. h3 Bxf3 11. Qxf3 g5 12. Bg3 Kg7 13. Qf5 c6 14. Be5 Rh8 15. f4 gxf4 16. Rxf4 Be7 17. Raf1 Nd7 18. Na4 Kf8 19. Kh1 Rg8 20. h4 h5 21. Nc5 Nxc5 22. dxc5 Rg6 23. Qxg6 fxg6 24. Bxf6 Bxf6 25. Rxf6+ Ke7 26. Rf7+ Ke6 27. R1f6+ Qxf6 28. Rxf6+ Kxf6 29. Kg1 Re8 30. Kf2 Re6 31. g3 Ke5 32. Kf3 Kd4 33. Bf1 Kxc5 34. Bh3 Rf6+ 35. Kg2 Kd4 36. Bc8 b5 37. Bxa6 Rf8 38. Bb7 Kc5 39. a4 Kb6 40. axb5 Kxb7 41. bxc6+ Kxc6 0-1


[Site "https://www.chess.com"]

[Event "Titled Tuesday Blitz April 19 Late 2022"]
[White "Martinez Alcantara, Jose Eduardo"]
[Black "Vasquez Schroeder, Rodrigo"]
[WhiteFideId "3805662"]
[BlackFideId "3400042"]
[WhiteElo "2690"]
[BlackElo "2561"]
[Result "0-1"]
[Round "06"]
[TimeControl "180+1"]
[Date "2022.04.19"]
[WhiteClock "0:00:02"]
[BlackClock "0:00:05"]

1. e4 c5 2. Nf3 d6 3. Bb5+ Bd7 4. Bxd7+ Qxd7 5. O-O Nc6 6. c3 Nf6 7. Re1 e6 8. d4 cxd4 9. cxd4 d5 10. e5 Ne4 11. Nbd2 Nxd2 12. Bxd2 Bb4 13. Re3 O-O 14. Rc1 Bxd2 15. Qxd2 Rfc8 16. h4 h6 17. h5 Ne7 18. Rcc3 Rxc3 19. bxc3 Rc8 20. g4 Qb5 21. Kh2 Rc6 22. Ne1 Qc4 23. Rf3 Rc8 24. Ng2 Rf8 25. Nf4 b6 26. Nh3 a5 27. g5 Nf5 28. Rxf5 exf5 29. gxh6 Qc6 30. hxg7 Kxg7 31. Qg5+ Kh8 32. Qe7 Qh6 33. f4 Kg8 34. Qh4 f6 35. Qg3+ Kf7 36. Qf3 Rd8 37. exf6 Qxf6 38. Ng5+ Kg7 39. Qe2 Kh6 40. Kg3 Rg8 41. Kf3 Rc8 42. Qe3 Kxh5 43. Kf2 Kg6 44. Nf3 Rh8 45. Qe2 Rh3 46. Qe8+ Kh6 47. Ng5 Rh4 48. Kf3 Rxf4+ 49. Kxf4 Qxg5+ 50. Kf3 Qg4+ 51. Kf2 Qf4+ 52. Kg1 Kg5 53. Qg8+ Kh4 54. Qxd5 Qe3+ 55. Kg2 Qe2+ 56. Kg1 f4 57. Qg8 f3 58. Qh7+ Kg4 59. Qg6+ Kf4 60. Qh6+ Ke4 61. Qg6+ Ke3 62. Qg5+ Kd3 63. Qf5+ Kxc3 0-1


[Site "https://www.chess.com"]

[Event "Titled Tuesday Blitz April 19 Late 2022"]
[White "Melikhov, Evgeny V."]
[Black "Burke, Paul"]
[WhiteFideId "4122046"]
[BlackFideId "2605767"]
[WhiteElo "1931"]
[BlackElo "1880"]
[Result "1-0"]
[Round "06"]
[TimeControl "180+1"]
[Date "2022.04.19"]
[WhiteClock "0:01:43"]
[BlackClock "0:00:41"]

1. d4 Nf6 2. c4 c5 3. d5 Ne4 4. Qc2 Qa5+ 5. Nd2 Nf6 6. f3 d6 7. e4 g6 8. Ne2 Bg7 9. Nc3 Na6 10. Nb3 Qd8 11. Be3 h6 12. Qd2 Bd7 13. Be2 Nc7 14. a4 b6 15. Nc1 a6 16. O-O g5 17. Nd3 O-O 18. f4 gxf4 19. Bxf4 Kh7 20. e5 dxe5 21. Nxe5 Ng8 22. Bd3+ f5 23. Rae1 e6 24. Nxd7 Qxd7 25. dxe6 Nxe6 26. Bxf5+ 1-0


[Site "https://www.chess.com"]

[Event "Titled Tuesday Blitz April 19 Late 2022"]
[White "Mirza, Diana"]
[Black "Lock, Gavin R"]
[WhiteFideId "2503999"]
[BlackFideId "408646"]
[WhiteElo "1813"]
[BlackElo "2104"]
[Result "0-1"]
[Round "06"]
[TimeControl "180+1"]
[Date "2022.04.19"]
[WhiteClock "0:00:03"]
[BlackClock "0:00:22"]

1. e4 c5 2. Nf3 e6 3. d3 Nc6 4. Nbd2 d5 5. g3 Bd6 6. Bg2 Nge7 7. O-O O-O 8. Re1 Qc7 9. Nf1 Bd7 10. h4 f6 11. N1h2 d4 12. Qe2 b5 13. Ng4 e5 14. h5 Bxg4 15. Kh2 Bxh5 16. Rh1 Nd8 17. Bd2 Ne6 18. Qf1 c4 19. Nh4 Rfc8 20. Nf5 Bf7 21. g4 Rab8 22. Kg3 Nf4 23. Rh4 Neg6 24. Rh2 Nxg2 25. Qxg2 Nf4 26. Qh1 Bg6 27. Nh4 Kf7 28. f3 cxd3 29. cxd3 Nxd3 30. Nxg6 hxg6 31. Rh7 Nf4 32. Qh6 Bf8 33. g5 Qd6 34. gxf6 Qxf6 35. Rh1 Rc2 36. Bc1 Ne2+ 37. Kg4 Qe6+ 38. Kg5 Be7# 0-1


[Site "https://www.chess.com"]